 Dungeon Crawl Stone Soup version 0.30.0-5-g1a98f26d00 (webtiles) character file.

Game seed: 9645272772398700333

38 VictoriousLee the Slasher (level 3, -2/27 (30) HPs)
             Began as a Draconian Reaver on May 12, 2023.
             Slain by a gnoll
             ... wielding a +0 whip
              (5 damage)
             ... on level 2 of the Dungeon.
             The game lasted 00:03:15 (1029 turns).

VictoriousLee the Slasher (Draconian Reaver)        Turns: 1029, Time: 00:03:16

HP:   -2/27 (30)    AC:  5    Str: 16    XL:     3   Next: 25%
MP:   6/6           EV: 12    Int: 13    God:
Gold: 36            SH:  0    Dex:  9    Spells: 5/6 levels left

rFire   . . .        a - +0 falchion
rCold   . . .        (no shield)
rNeg    . . .        (body armour unavailable)
rPois   .            (helmet restricted)
rElec   .            (no cloak)
rCorr   .            (no gloves)
SInv    .            (no boots)
Will    .....        (no amulet)
Stlth   +            (no ring)
HPRegen 0.24/turn    (no ring)
MPRegen 0.10/turn

%: no passive effects
@: hasted, heavily drained, very quick
A: AC +5, unfitting armour, cold-blooded
a: no special abilities


You were on level 2 of the Dungeon.
You visited 1 branch of the dungeon, and saw 2 of its levels.

You collected 36 gold pieces.

Inventory:

Hand Weapons
 a - a +0 falchion (weapon)
Armour
 j - a +0 pair of boots
Scrolls
 b - a scroll of noise {unknown}
 d - a scroll of identify {unknown}
 g - a scroll of teleportation {unknown}
 i - a scroll of fear {unknown}
Potions
 e - a potion of heal wounds {unknown}
 f - 2 potions of might {unknown}
 h - 2 potions of curing


   Skills:
 - Level 2.3 Fighting
 * Level 3.7 Long Blades
 - Level 1.9 Dodging
 - Level 2.1 Spellcasting
 + Level 3.3 Conjurations


You had 5 spell levels left.
You knew the following spells:

 Your Spells              Type           Power      Damage    Failure   Level
a - Kiss of Death         Conj/Necr      20%        2d7       13%         1

Your spell library contained the following spells:

 Spells                   Type           Power      Damage    Failure   Level
 Momentum Strike          Conj/Tloc      10%        3d8       19%         2
 Hailstorm                Conj/Ice       5%         3d4       36%         3


Dungeon Overview and Level Annotations

Branches:
Dungeon (2/15)

Altars:


Innate Abilities, Weirdness & Mutations

Your plain brown scales are hard. (AC +5)
You cannot fit into any form of body armour.
You are cold-blooded and may be slowed by cold attacks.


Message History

Increase (S)trength, (I)ntelligence, or (D)exterity?
You feel stronger. x2; Your scales feel tougher.
You see here a bat skeleton.
It was a potion of haste.
You feel yourself speed up.
You barely miss the gnoll. The gnoll barely misses you.
You barely miss the gnoll. You tail-slap the gnoll.
The gnoll is lightly wounded.
The gnoll hits you with a +0 whip.
* * * LOW HITPOINT WARNING * * *
You closely miss the gnoll.
Your tail-slap misses the gnoll.
The gnoll is lightly wounded.
You hit the gnoll but do no damage.
The gnoll is lightly wounded.
The gnoll hits you with a +0 whip.
* * * LOW HITPOINT WARNING * * *
It was a potion of curing.
You feel better. The gnoll closely misses you.
You hit the gnoll.
The gnoll is heavily wounded.
You closely miss the gnoll.
The gnoll is heavily wounded.
The gnoll closely misses you.
You hit the gnoll.
The gnoll is heavily wounded.
The gnoll hits you with a +0 whip!
* * * LOW HITPOINT WARNING * * *
You feel better. The gnoll hits you with a +0 whip.
You closely miss the gnoll.
The gnoll is heavily wounded.
You barely miss the gnoll.
You tail-slap the gnoll, but do no damage.
The gnoll is heavily wounded.
The gnoll hits you but does no damage.
You hit the gnoll.
Your tail-slap misses the gnoll.
The gnoll is severely wounded.
The gnoll hits you with a +0 whip!
* * * LOW HITPOINT WARNING * * *
You barely miss the gnoll.
The gnoll is severely wounded.
The gnoll hits you with a +0 whip.
You die...

#.# #....## #.#
####g# #.# #.# #.#
#÷# #.# #.# #.#
#g## #.# #.#.##
#.### #.###g#
....# ## #@.#
#.#.# #.#.# ..#.#
###.## ..#.#
##...# #.#.#
######..#..#
#.#.##
#......###....
.....#####.####..#
.#### ...†.......#
##...##
##...####### #.##


You could see a gnoll.

Vanquished Creatures
  A gnoll (D:2)
  A worm (D:2)
  A ball python (D:1)
  2 bats (D:2)
  3 endoplasms (D:1)
  2 giant cockroaches (D:1)
  2 hobgoblins (D:1)
  A quokka (D:2)
  2 frilled lizards (D:1)
  2 goblins (D:1)
  2 kobolds
  5 rats
24 creatures vanquished.

Notes
Turn   | Place    | Note
-------+----------+-------------------------------------------
     0 | D:1      | VictoriousLee the Draconian Reaver began the quest for the
                  | Orb.
     0 | D:1      | Reached XP level 1. HP: 17/17 MP: 3/3
   251 | D:1      | Reached XP level 2. HP: 23/25 MP: 5/5
   985 | D:2      | Reached XP level 3. HP: 4/27 MP: 6/6
  1029 | D:2      | Slain by a gnoll

Illustrated notes

Levels and vault maps discovered:
D:1:      dpeg_arrival_windows_large_door, layout_loops_ring
D:2:      layout_loops_ring, chequers_serial_rivers_micro_b, minmay_door_square,
          nicolae_half_adder

Action                     || total
---------------------------++-------
  Melee: Falchion          ||   104
         Tailslap          ||    11
   Cast: Kiss of Death     ||     1
    Use: Potion            ||     3
 Armour: Skin              ||    27
  Dodge: Dodged            ||    63
